 Dungeon Crawl Stone Soup version 0.27-a0-637-g3a9f0a9c12 (webtiles) character file.

Game seed: 13231821200416905000

143 zzzxxxcccvvv the Chopper (level 5, 0/47 HPs)
             Began as a Hill Orc Fighter on Mar 14, 2021.
             Slain by a gnoll (1 damage)
             ... on level 3 of the Dungeon.
             The game lasted 00:07:28 (2199 turns).

zzzxxxcccvvv the Chopper (Hill Orc Fighter)         Turns: 2199, Time: 00:07:29

Health: 0/47       AC: 10    Str: 20    XL:     5   Next: 25%
Magic:  5/5        EV:  7    Int:  8    God:
Gold:   94         SH:  9    Dex: 10    Spells: 4/4 levels left

rFire    . . .     SeeInvis .   a - +0 war axe
rCold    . . .     Faith    .   c - +0 kite shield
rNeg     . . .     Spirit   .   b - +0 scale mail
rPois    .         Reflect  .   (no helmet)
rElec    .         Harm     .   (no cloak)
rCorr    .         Rampage  .   (no gloves)
Will     .....                  k - +2 pair of boots {Fly}
Stlth    ..........             (no amulet)
HPRegen  0.15/turn              (no ring)
MPRegen  0.09/turn              (no ring)

@: flying
A: no striking features
a: Stop Flying


You were on level 3 of the Dungeon.
You visited 1 branch of the dungeon, and saw 3 of its levels.

You collected 94 gold pieces.

Inventory:

Hand Weapons
 a - a +0 war axe (weapon)
 q - a +0 dagger of venom
Armour
 b - a +0 scale mail (worn)
 c - a +0 kite shield (worn)
 k - a +2 pair of boots of flying (worn)
Scrolls
 f - 4 scrolls of identify {unknown}
 g - a scroll of noise {unknown}
 h - a scroll of fog {unknown}
 i - 2 scrolls of fear {unknown}
 j - a scroll of magic mapping {unknown}
 p - a scroll of immolation {unknown}
 r - a scroll of random uselessness {unknown}
Potions
 d - a potion of might
 e - a potion of invisibility {unknown}
 l - a potion of curing {unknown}
 m - a potion of heal wounds {unknown}
 n - a potion of lignification {unknown}
 o - a potion of haste {unknown}


   Skills:
 + Level 4.5 Fighting
 + Level 5.0 Axes
 + Level 4.1 Armour
 * Level 1.0 Dodging
 + Level 3.4 Shields


You had 4 spell levels left.
You didn't know any spells.
Your spell library was empty.

Dungeon Overview and Level Annotations

Branches:
Dungeon (3/15)

Altars:


Message History

Things that are here:
a +0 club; a +0 leather armour The gnoll hits you but does no damage.
The gnoll barely misses you. x2
The gnoll closely misses you. The gnoll barely misses you.
You block the gnoll's attack. The gnoll closely misses you.
The gnoll hits you from afar with a +0 halberd.
You block the gnoll's attack. You block the gnoll's attack.
You block the gnoll's attack. The gnoll hits you with a +0 halberd!
* * * LOW HITPOINT WARNING * * *
You block the gnoll's attack. x2
The gnoll hits you from afar with a +0 spear.
* * * LOW HITPOINT WARNING * * *
You slash the gnoll!
The gnoll is heavily wounded.
You block the gnoll's attack. The gnoll hits you but does no damage.
You block the gnoll's attack.
You slash the gnoll!
The gnoll is heavily wounded.
You slash the gnoll!
You kill the gnoll!
The gnoll hits you but does no damage. The gnoll barely misses you.
The gnoll closely misses you. The gnoll hits you but does no damage.
Your Axes skill increases to level 5!
Your Dodging skill increases to level 1!
You barely miss the gnoll.
The gnoll is heavily wounded.
The gnoll hits you from afar with a +0 spear.
* * * LOW HITPOINT WARNING * * *
You block the gnoll's attack.
An adder comes into view.
You block the gnoll's attack.
The adder hisses angrily.
You hit the gnoll but do no damage.
The gnoll is heavily wounded.
The gnoll closely misses you. The gnoll hits you but does no damage.
The gnoll hits you.
* * * LOW HITPOINT WARNING * * *
You block the gnoll's attack. The gnoll hits you.
You die...

. #####..##..##. ....
#...# ..# [.#. ###.#.#
... #. #.## #...#.# #.
#..#...##.....#
##..###....l####
#.....###.#g#
#####.###.).g##.###
#.........##.Sg@).#
#.........##..###S#
#.........##.####...
#.....................
#.........#########....
#.........# ....
#.........# ...
#.........# ##########


You could see 3 gnolls, 2 adders and a leopard gecko.

Vanquished Creatures
  A gnoll shaman (D:3)
  Robin (D:2)
  A gnoll (D:3)
  2 adders (D:2)
  2 worms (D:2)
  2 dart slugs (D:1)
  3 leopard geckos (D:1)
  An orc (D:3)
  A ball python (D:2)
  6 giant cockroaches
  10 goblins
  10 hobgoblins
  3 bats
  9 kobolds
  8 rats
60 creatures vanquished.

Vanquished Creatures (others)
  A plant (D:1)
1 creature vanquished.

Grand Total: 61 creatures vanquished

Notes
Turn   | Place    | Note
-------+----------+-------------------------------------------
     0 | D:1      | zzzxxxcccvvv the Hill Orc Fighter began the quest for the
                  | Orb.
     0 | D:1      | Reached XP level 1. HP: 19/19 MP: 1/1
    38 | D:1      | Reached XP level 2. HP: 27/27 MP: 2/2
   178 | D:1      | Reached skill level 3 in Axes
   355 | D:1      | Reached XP level 3. HP: 31/33 MP: 3/3
  1116 | D:2      | Reached skill level 4 in Axes
  1207 | D:2      | Reached XP level 4. HP: 40/41 MP: 4/4
  1260 | D:2      | Noticed Robin
  1275 | D:2      | Killed Robin
  2188 | D:3      | Reached XP level 5. HP: 22/47 MP: 5/5
  2198 | D:3      | Reached skill level 5 in Axes
  2198 | D:3      | Reached skill level 1 in Dodging
  2199 | D:3      | HP: 1/47 [gnoll (2)]
  2199 | D:3      | Slain by a gnoll

Illustrated notes

Levels and vault maps discovered:
D:1:      minmay_arrival_four_circles, layout_basic, st_stairs_7,
          minmay_misc_feat_plants
D:2:      layout_loops_corners, uniq_robin
D:3:      layout_rooms

Skill      XL: |  1  2  3  4  5 |
---------------+----------------+-----
Fighting       | 4 |  4.5
Axes           | 3 4 5 |  5.0
Armour         | 4 |  4.1
Dodging        | 1 |  1.0
Shields        | |  3.4

Action                   |  1- 3 |  4- 6 || total
-------------------------+-------+-------++-------
Melee: War axe           |    88 |    74 ||   162
Armor: Scale mail        |    46 |    50 ||    96
Dodge: Dodged            |    22 |    35 ||    57
Block: Kite shield       |    51 |    55 ||   106

Table legend: (Time is in decaauts)
 A = Elapsed time spent in this place.
 B = Non-inter-level travel time spent in this place.
 C = Inter-level travel time spent in this place.
 D = Time resting spent in this place.
 E = Time spent auto-exploring this place.
 F = Levels seen in this place.
 G = Mean time per level.
                   A        B        C        D        E       F      G
               +--------+--------+--------+--------+--------+-----+--------+
         Total |   2286 |   2254 |     32 |     17 |   1676 |   3 |  762.0 |
       Dungeon |   2286 |   2254 |     32 |     17 |   1676 |   3 |  762.0 |
               +--------+--------+--------+--------+--------+-----+--------+

Top non-repeatable levels by time:
     D:2: 1321 daAuts
     D:1: 841 daAuts
     D:3: 123 daAuts
